 Dungeon Crawl Stone Soup version 0.22.1-1-ga44c0e56f4 (webtiles) character file.

779 Nygeryga the Fighter (level 7, -1/68 HPs)
             Began as a Minotaur Berserker on Oct 13, 2018.
             Was a Priest of Trog.
             Killed by divine providence
             ... invoked by an orc priest
              (12 damage)
             ... on level 4 of the Dungeon.
             The game lasted 00:10:38 (3682 turns).

Nygeryga the Fighter (Minotaur Berserker)           Turns: 3682, Time: 00:10:38

Health: -1/68      AC:  8    Str: 24    XL:     7   Next: 54%
Magic:  0/6        EV:  8    Int:  4    God:    Trog [***...]
Gold:   263        SH:  9    Dex: 12    Spells: 6/6 levels left

rFire    . . .     SeeInvis .   a - +0 mace
rCold    . . .     Gourm    .   q - +1 shield
rNeg     . . .     Faith    .   h - +0 ring mail
rPois    .         Spirit   +   (helmet restricted)
rElec    .         Reflect  .   (no cloak)
rCorr    .         Harm     .   f - +2 pair of gloves
MR       .....                  (no boots)
Stlth    +.........             w - amulet of guardian spirit
HPRegen  0.21/turn              p - +3 ring of dexterity
MPRegen  0.10/turn              n - ring of wizardry

@: no status effects
A: retaliatory headbutt, horns 2
a: Berserk, Trog's Hand, Renounce Religion


You were on level 4 of the Dungeon.
You worshipped Trog.
Trog was most pleased with you.
You were very hungry.

You visited 1 branch of the dungeon, and saw 4 of its levels.

You collected 263 gold pieces.

Inventory:

Hand Weapons
 a - a +0 mace (weapon)
 t - a +0 hand axe
Armour
 b - a +0 animal skin
 e - a +0 leather armour
 f - a +2 pair of gloves (worn)
 h - a +0 ring mail (worn)
 q - a +1 shield (worn)
Jewellery
 n - a ring of wizardry (right hand)
 p - a +3 ring of dexterity (left hand)
 w - an amulet of guardian spirit (around neck)
Wands
 u - a wand of paralysis (12)
Scrolls
 d - 9 scrolls of identify
 m - 2 scrolls of immolation
 o - a scroll of enchant weapon {unknown}
Potions
 g - a potion of flight {unknown}
 i - a potion of cancellation {unknown}
 j - a potion of agility
 k - a potion of invisibility {unknown}
 l - a potion of curing {unknown}
 x - a potion of mutation {unknown}
Comestibles
 c - 8 rations


   Skills:
 + Level 8.0 Fighting
 + Level 8.0 Maces & Flails
 - Level 2.4 Armour
 - Level 2.1 Dodging


You had 6 spell levels left.
You didn't know any spells.
Your spell library was empty.

Dungeon Overview and Level Annotations

Branches:
Dungeon (4/15)
 Temple: D:4-7

Altars:
Wu Jian
The Shining One


Innate Abilities, Weirdness & Mutations

You reflexively headbutt those who attack you in melee.
You have a pair of horns on your head.


Message History

You headbutt the orc priest, but do no damage.
The orc priest hits you.
* * * LOW HITPOINT WARNING * * *
You hit the orc priest.
The orc priest is heavily wounded.
The orc priest hits you but does no damage.
The orc priest hits you.
* * * LOW HITPOINT WARNING * * *
You closely miss the orc priest. Your headbutt misses the orc priest.
The orc priest is heavily wounded.
The orc priest hits you.
* * * LOW HITPOINT WARNING * * *
You hit the orc priest.
The orc priest is heavily wounded.
The orc priest hits you but does no damage.
Your shield and ring mail prevent you from hitting the orc priest.
The orc priest is heavily wounded.
The orc priest mumbles some strange prayers to Beogh against you.
Beogh smites you!
You die...

###..##.....#..........# #
##..#####.#..........# #
#...................# #
##..#..#............# ###
##.....###.........#
..####.....# #.........#
#..........###........##
......#..............##
#####...^.......@o#########
###..........)))).....#
##### #....#.##########.#.#
#...#
#......##..#.###..#.###...#
#####..#.##.##...##.......#
#..8##.#....##........#
#..###.#...#.#..)######
#..#.......###...#
#..##.#)8.(###...#


You could see an orc priest.

Vanquished Creatures
  An orc warrior (D:4)
  2 ogres (D:4)
  A howler monkey (D:3)
  3 orc priests (D:4)
  A centaur skeleton (D:4)
  A gnoll shaman (D:4)
  Ijyb (D:3)
  2 orc wizards
  2 worker ants (D:4)
  6 gnolls (D:4)
  3 adders
  3 oozes
  2 dart slugs
  6 leopard geckos
  13 orcs
  A ball python (D:2)
  6 bats
  2 giant cockroaches
  6 goblins
  9 hobgoblins
  4 jackals (D:1)
  2 quokkas
  4 frilled lizards
  10 kobolds
  10 rats
101 creatures vanquished.

Vanquished Creatures (others)
  An adder (D:4)
1 creature vanquished.

Grand Total: 102 creatures vanquished

Notes
Turn   | Place    | Note
-------+----------+-------------------------------------------
     0 | D:1      | Nygeryga the Minotaur Berserker began the quest for the
                  | Orb.
     0 | D:1      | Reached XP level 1. HP: 19/19 MP: 0/0
   198 | D:1      | Reached XP level 2. HP: 16/27 MP: 1/1
   989 | D:2      | Reached XP level 3. HP: 34/34 MP: 2/2
   999 | D:2      | Reached ** piety under Trog
  1368 | D:2      | Reached skill level 5 in Fighting
  1368 | D:2      | Reached skill level 5 in Maces & Flails
  1368 | D:2      | Reached XP level 4. HP: 10/42 MP: 3/3
  1981 | D:3      | Found an ornate altar of the Wu Jian Council.
  2017 | D:3      | Reached XP level 5. HP: 39/49 MP: 4/4
  2080 | D:3      | Noticed Ijyb
  2085 | D:3      | Paralysed by Ijyb for 2 turns
  2090 | D:3      | Paralysed by Ijyb for 2 turns
  2093 | D:3      | Killed Ijyb
  2756 | D:3      | Found a glowing golden altar of the Shining One.
  2781 | D:4      | Noticed an ogre
  2788 | D:4      | Killed an ogre
  2788 | D:4      | Reached *** piety under Trog
  2788 | D:4      | Reached XP level 6. HP: 51/58 MP: 3/5
  3134 | D:4      | Reached XP level 7. HP: 66/66 MP: 3/6
  3399 | D:4      | HP: 3/67 [gnoll/spear (3)]
  3682 | D:4      | Killed from afar by an orc priest

Skill      XL: |  1  2  3  4  5  6  7 |
---------------+----------------------+-----
Fighting       | 4 5 6 7 8 |  8.0
Maces & Flails | 4 5 6 7 8 |  8.0
Armour         | |  2.4
Dodging        | |  2.1

Action                   |  1- 3 |  4- 6 |  7- 9 || total
-------------------------+-------+-------+-------++-------
Melee: Mace              |    72 |   117 |    50 ||   239
       Headbutt          |    10 |    22 |     9 ||    41
Invok: Berserk           |     1 |     1 |     2 ||     4
  Use: Scroll            |       |     9 |       ||     9
  Eat: Chunk             |     1 |     3 |     4 ||     8
       Ration            |       |     1 |       ||     1
Armor: Leather armour    |     4 |       |       ||     4
       Ring mail         |    34 |    54 |    18 ||   106
Dodge: Dodged            |    55 |    79 |    35 ||   169
Block: Shield            |       |    39 |    37 ||    76
